Map: Romanticide LE

Players

A.I. 1 (Very Easy)

  • Race: Zerg Zerg
  • Spawn Location: 5:00

Drift - Winner!

  • Race: Terran Terran
  • League: Master
  • Spawn Location: 11:00

VOD

Have the link to the VOD?

Description

Time

  • Played on: Dec. 13, 2020, 6:35 p.m.
  • Length: 9:54
Show
View Real Time Build Order
Export as new Build Order

A.I. 1 (Very Easy) Zerg 

Build Orders: Pool Only 

Get SALT Encoding   

  12  0:00  Drone  
  13  0:12  Overlord  
  13  0:16  Drone  
  14  0:36  Spawning Pool  
  14  0:37  Extractor  
  14  0:39  Drone  
  13  0:46  Drone  
  14  0:51  Overlord  
  14  1:23  Zergling x2  
  14  1:25  Queen  
  17  1:29  Roach Warren  
  16  1:33  Drone  
  16  1:36  Extractor  
  16  1:40  Drone  
  17  1:51  Zergling x2  
  18  1:59  Drone  
  19  2:06  Drone  
  20  2:16  Drone  
  20  2:19  Zergling x2  
  22  2:27  Overlord  
  22  2:31  Drone  
  23  2:38  Drone  
  24  2:46  Drone  
  24  2:47  Roach  
  27  4:58  Queen  
  27  5:00  Drone  
  22  5:08  Drone  
  17  5:15  Drone  
  12  5:22  Drone  
  8  5:29  Drone  
  9  5:38  Queen  
  8  6:17  Queen  
  8  6:56  Queen  
  7  7:34  Lair  
    8:31  Queen  
    8:33  Overseer x2  
  2  9:13  Drone  
  4  9:24  Drone  
  4  9:34  Drone  
  4  9:38  Drone  
Show
View Real Time Build Order
Export as new Build Order

Drift Terran - Winner!

Build Orders: Liberator Opening, Reaper Expand 

Get SALT Encoding   

  12  0:00  SCV  
  13  0:12  SCV  
  14  0:17  Supply Depot  
  14  0:24  SCV  
  15  0:38  SCV  
  15  0:40  Barracks  
  16  0:43  Refinery  
  16  0:50  SCV  
  17  1:03  SCV  
  18  1:15  SCV  
  19  1:27  Reaper, Orbital Command  
  20  1:39  Command Center  
  20  1:49  Supply Depot  
  20  1:53  SCV  
  21  1:59  Marine  
  22  2:05  SCV  
  23  2:09  Factory  
  23  2:13  Refinery  
  23  2:20  SCV  
  23  2:21  Barracks Reactor  
  24  2:32  SCV  
  25  2:44  SCV  
  26  2:53  Orbital Command  
  26  2:56  Starport  
  26  3:01  Hellion x2  
  26  3:02  SCV  
  31  3:07  Barracks Tech Lab  
  31  3:13  Supply Depot  
  31  3:15  SCV  
  32  3:20  SCV  
  32  3:23  Hellion x2  
  32  3:27  SCV  
  38  3:32  SCV  
  39  3:36  Liberator  
  39  3:39  SCV  
  43  3:42  Stimpack  
  43  3:44  SCV  
  44  3:49  Hellion x2  
  44  3:52  SCV  
  49  3:56  SCV  
  49  3:57  Supply Depot  
  50  4:04  SCV  
  50  4:08  SCV  
  52  4:14  Command Center  
  52  4:18  SCV  
  52  4:20  Starport Reactor  
  53  4:26  Barracks  
  53  4:27  SCV  
  53  4:29  Barracks  
  53  4:30  Supply Depot  
  54  4:33  SCV  
  55  4:39  Factory Tech Lab, SCV  
  55  4:45  Engineering Bay  
  56  4:46  Engineering Bay, SCV  
  56  4:50  Refinery  
  56  4:51  SCV  
  58  4:53  Refinery  
  58  4:58  SCV  
  59  5:00  Siege Tank  
  59  5:05  SCV  
  63  5:08  Starport Reactor  
  63  5:10  Terran Infantry Weapons Level 1, SCV  
  64  5:18  Terran Infantry Armor Level 1  
  64  5:19  SCV  
  65  5:22  Combat Shield, Supply Depot, SCV  
  65  5:23  Marine x2  
  65  5:24  Marine  
  69  5:30  Orbital Command  
  69  5:31  Marine, SCV  
  69  5:32  Marine  
  72  5:37  Siege Tank  
  72  5:40  SCV  
  72  5:41  Marine  
  77  5:45  Medivac  
  77  5:48  Supply Depot, Medivac  
  77  5:49  Marine x2  
  83  5:50  Marine  
  83  5:51  Marine  
  83  5:52  Orbital Command  
  83  5:54  SCV  
  86  6:03  Marine  
  86  6:04  Armory, Supply Depot  
  87  6:06  Marine  
  87  6:07  Marine x2  
  87  6:09  Marine, SCV  
  87  6:11  SCV  
  93  6:21  Marine  
  93  6:22  Factory Reactor  
  93  6:24  Marine  
  93  6:25  Marine x2, Supply Depot  
  96  6:27  Marine  
  98  6:33  SCV x2  
  98  6:37  SCV  
  98  6:38  Marine  
  98  6:39  Medivac x2  
  106  6:42  Marine x2  
  106  6:43  Marine  
  106  6:44  Supply Depot  
  109  6:47  Supply Depot  
  109  6:49  Marine, SCV x2  
  109  6:52  Barracks  
  109  6:54  Barracks  
  112  6:56  Marine  
  112  7:00  Widow Mine x2  
  117  7:06  Marine x3, Factory  
  120  7:10  Supply Depot, SCV x2  
  120  7:11  Supply Depot  
  120  7:12  SCV  
  120  7:14  Marine, Refinery  
  120  7:15  Terran Infantry Armor Level 2  
  125  7:17  Terran Infantry Weapons Level 2  
  125  7:18  Marine  
  125  7:21  Medivac  
  127  7:24  Marine x2  
  127  7:27  Widow Mine x2  
  133  7:32  SCV x3  
  133  7:35  Marine x2  
  133  7:36  Marine, Terran Vehicle And Ship Armor Level 1  
  139  7:42  Supply Depot  
  139  7:44  Marine, Supply Depot, SCV x2  
  139  7:45  Marine  
  139  7:46  Barracks Reactor  
  139  7:47  Barracks Reactor  
  139  7:48  SCV  
  144  7:51  Drilling Claws  
  144  7:53  Marine  
  144  7:55  Marine x2  
  144  7:57  Widow Mine  
  149  8:04  Marine x2, Widow Mine  
  153  8:07  Supply Depot  
  153  8:09  Supply Depot  
  153  8:10  Medivac  
  153  8:11  Marine, Medivac  
  158  8:13  Marine  
  158  8:14  Marine, Widow Mine  
  158  8:15  SCV  
  163  8:24  Marine x2  
  165  8:27  Command Center  
  165  8:29  Marine  
  165  8:30  Marine, Supply Depot  
  165  8:31  Widow Mine x2  
  165  8:33  Supply Depot  
  165  8:34  SCV x3  
  174  8:36  Marine  
  174  8:38  Widow Mine  
  174  8:41  Marine x2  
  177  8:42  Marine  
  177  8:43  Marine  
  181  8:51  Barracks  
  181  8:52  Marine, Widow Mine, SCV  
  181  8:53  Barracks, Supply Depot  
  181  8:54  Marine x2  
  181  8:55  Barracks, Marine x2  
  188  8:57  Widow Mine  
  188  8:59  Medivac  
  188  9:01  Marine, Widow Mine  
  196  9:03  Marine  
  196  9:09  Marine x2  
  196  9:10  Marine  
  196  9:12  Marine x3  
  200  9:21  Supply Depot  
  200  9:24  Starport  
  200  9:27  Starport  
  200  9:32  Fusion Core  
  200  9:38  Ghost Academy  
  200  9:40  Factory  
  200  9:41  Command Center  
  200  9:48  Barracks Tech Lab x3, Refinery  
  200  9:53  Refinery  
Tags
 
Add a new tag
Caveats
  • Supply blocks, unpowered buildings, or Contaminate may cause inaccurate times.
  • Supply counts are checked every 10 seconds.